 Dungeon Crawl Stone Soup version 0.21.1-1-g345015f (webtiles) character file.

392 poirepourri the Thaumaturge (level 6, -2/32 HPs)
             Began as a Deep Elf Conjurer on July 14, 2018.
             Slain by Rwicked's ghost (16 damage)
             ... on level 4 of the Dungeon.
             The game lasted 00:04:22 (3987 turns).

poirepourri the Thaumaturge (Deep Elf Conjurer)     Turns: 3987, Time: 00:04:26

Health: -2/32      AC:  3    Str:  5    XL:     6   Next: 51%
Magic:  6/19       EV: 13    Int: 22    God:
Gold:   220        SH:  0    Dex: 15    Spells: 3/21 levels left

rFire    . . .     SeeInvis .   i - +0 short sword
rCold    . . .     Gourm    .   (no shield)
rNeg     . . .     Faith    .   a - +0 robe
rPois    .         Spirit   .   d - +0 helmet
rElec    .         Reflect  .   (no cloak)
rCorr    .         Harm     .   (no gloves)
MR       .....                  (no boots)
Stlth    ++........             (no amulet)
HPRegen  0.10/turn              (no ring)
MPRegen  0.16/turn              (no ring)

@: no status effects
A: no striking features
a: no special abilities


You were on level 4 of the Dungeon.
You were not hungry.

You visited 1 branch of the dungeon, and saw 4 of its levels.

You collected 220 gold pieces.

Inventory:

Hand Weapons
 i - a +0 short sword (weapon)
Armour
 a - a +0 robe (worn)
 d - a +0 helmet (worn)
Scrolls
 c - a scroll of teleportation
 g - 3 scrolls of remove curse
Potions
 e - a potion of might
 f - a potion of berserk rage
 h - 2 potions of degeneration
 j - a potion of flight
 l - a potion of agility {unknown}
 m - a potion of lignification {unknown}
 n - a potion of curing {unknown}
 p - a potion of heal wounds {unknown}
Books
 b - a book of Conjurations

   Spells                             Type                      Level
   a - Magic Dart                     Conjuration                  1
   b - Searing Ray                    Conjuration                  2
   c - Dazzling Spray                 Conjuration/Hexes            3
   d - Fulminant Prism                Conjuration/Hexes            4
   e - Force Lance                    Conjuration/Translocation    4
   f - Iskenderun's Mystic Blast      Conjuration                  4


   Skills:
 - Level 2.4 Dodging
 - Level 2.4 Stealth
 - Level 8.3 Spellcasting
 + Level 5.7 Conjurations


You had 3 spell levels left.
You knew the following spells:

 Your Spells              Type           Power        Failure   Level  Hunger
a - Magic Dart            Conj           ####         1%          1    None
b - Searing Ray           Conj           ####..       1%          2    None
c - Dazzling Spray        Conj/Hex       ###...       7%          3    None
d - Fulminant Prism       Conj/Hex       ###.......   22%         4    ###....
e - Force Lance           Conj/Tloc      ###.....     22%         4    ###....
f - Iskenderun's Mystic   Conj           ####....     7%          4    ###....


Dungeon Overview and Level Annotations

Branches:
Dungeon (4/15)
 Temple: D:4-7

Altars:

Annotations:
D:4 Rwicked's ghost, amateur MiBe


Message History

Aiming: Searing Ray
Press: ? - help, Shift-Dir - straight line, f/p - Rwicked's ghost
Aim: Rwicked's ghost, wielding a weapon of electrocution (moderately damaged)
The searing ray hits Rwicked's ghost.
Rwicked's ghost is heavily damaged. (Press . to maintain the ray.) Rwicked's ghost misses you.
The searing ray hits Rwicked's ghost.
Rwicked's ghost is heavily damaged.
Rwicked's ghost completely misses you.
The searing ray hits Rwicked's ghost.
Rwicked's ghost is severely damaged.
Rwicked's ghost misses you.
The searing ray hits Rwicked's ghost.
Rwicked's ghost is almost destroyed.
You finish channeling your searing ray.
Rwicked's ghost hits you!!
Ouch! That really hurt!
You are electrocuted!
Ouch! That really hurt!
You die...

.#.....#.##
.#........#
........#.#
.#.#.##...#### #
.#.#.###.###.##.#
........<###....#
###..........#
########...###########
.......#...W@.......
######...###########
#....... #.####### #


You could see Rwicked's ghost.

Vanquished Creatures
  Menkaure (D:4)
  A scorpion (D:2)
  An orc priest (D:2)
  2 orc wizards (D:2)
  The ghost of Iko the Vexing, a weakling HuEn (D:3)
  3 adders
  2 oozes
  2 worms
  A dart slug (D:1)
  5 leopard geckos
  2 orcs (D:2)
  2 giant cockroaches (D:3)
  3 goblins
  12 hobgoblins
  6 jackals
  A ball python (D:1)
  7 bats
  7 frilled lizards
  15 kobolds
  7 rats
81 creatures vanquished.

Vanquished Creatures (others)
  A fulminant prism (D:4)
1 creature vanquished.

Grand Total: 82 creatures vanquished

Notes
Turn   | Place    | Note
-------+----------+-------------------------------------------
     0 | D:1      | poirepourri the Deep Elf Conjurer began the quest for the Orb.
     0 | D:1      | Reached XP level 1. HP: 10/10 MP: 6/6
   245 | D:1      | Reached skill level 4 in Spellcasting
   245 | D:1      | Reached XP level 2. HP: 15/15 MP: 0/9
   428 | D:1      | Learned a level 2 spell: Searing Ray
   744 | D:1      | Reached XP level 3. HP: 15/19 MP: 9/11
   803 | D:1      | Learned a level 3 spell: Dazzling Spray
   807 | D:1      | Reached skill level 5 in Spellcasting
  1318 | D:2      | Reached skill level 6 in Spellcasting
  1318 | D:2      | Reached XP level 4. HP: 24/24 MP: 8/14
  1520 | D:2      | Reached skill level 7 in Spellcasting
  1668 | D:2      | Reached XP level 5. HP: 15/28 MP: 3/17
  1977 | D:2      | Reached skill level 8 in Spellcasting
  2159 | D:2      | Learned a level 4 spell: Fulminant Prism
  2164 | D:2      | Learned a level 4 spell: Force Lance
  2169 | D:2      | Learned a level 4 spell: Iskenderun's Mystic Blast
  3484 | D:3      | Noticed Iko's ghost (weakling HuEn)
  3492 | D:3      | Killed Iko's ghost
  3637 | D:3      | Reached XP level 6. HP: 32/32 MP: 12/19
  3878 | D:4      | Noticed Menkaure
  3882 | D:4      | Killed Menkaure
  3882 | D:4      | Reached skill level 5 in Conjurations
  3968 | D:4      | Noticed Rwicked's ghost (amateur MiBe)
  3987 | D:4      | Slain by Rwicked's ghost

Skill      XL: |  1  2  3  4  5  6 |
---------------+-------------------+-----
Spellcasting   | 4 6 7 8 |  8.3
Conjurations   | 5 |  5.7
Dodging        | |  2.4
Stealth        | |  2.4

Action                   |  1- 3 |  4- 6 || total
-------------------------+-------+-------++-------
Melee: Short sword       |     1 |       ||     1
 Cast: Magic Dart        |    75 |    64 ||   139
       Searing Ray       |     1 |    17 ||    18
       Fulminant Prism   |       |     1 ||     1
  Use: Scroll            |     4 |     8 ||    12
  Eat: Ration            |     1 |     2 ||     3
Armor: Robe              |     1 |     5 ||     6
Dodge: Dodged            |     6 |    18 ||    24
